 Dungeon Crawl Stone Soup version 0.30-b1-2-g02819fbbbe (webtiles) character file.

Game seed: 1667770458259590995

546 slotho the Covered (level 7, -3/60 HPs)
             Began as a Minotaur Fighter on June 10, 2023.
             Slain by Blork the orc
             ... wielding a +0 glaive
              (5 damage)
             ... on level 5 of the Dungeon.
             The game lasted 00:19:12 (3980 turns).

slotho the Covered (Minotaur Fighter)               Turns: 3980, Time: 00:19:12

Health: -3/60      AC:  7    Str: 22    XL:     7   Next: 6%
Magic:  6/6        EV: 10    Int:  5    God:
Gold:   182        SH:  5    Dex: 16    Spells: 6/6 levels left

rFire   . . .        p - +0 halberd
rCold   . . .        (shield currently unavailable)
rNeg    . . .        b - +0 scale mail
rPois   +            (helmet restricted)
rElec   .            (no cloak)
rCorr   .            (no gloves)
SInv    .            (no boots)
Will    .....        y - amulet of reflection Stlth
                     f - +6 ring of dexterity
HPRegen 0.30/turn    g - ring of poison resistance
MPRegen 0.10/turn

%: reflection
@: no status effects
A: horns 2, retaliatory headbutt
a: no special abilities


You were on level 5 of the Dungeon.
You visited 1 branch of the dungeon, and saw 5 of its levels.

You collected 182 gold pieces.

Inventory:

Hand Weapons
 a - a +0 war axe
 p - a +0 halberd (weapon)
 D - a +0 giant spiked club
Missiles
 e - 55 stones
 t - 5 boomerangs (quivered)
 C - a throwing net
Armour
 b - a +0 scale mail (worn)
 c - a +0 buckler
 k - a +0 cloak
 s - the +1 leather armour of Starshine {rElec rC+ rCorr}
   (You found it on level 3 of the Dungeon)

   rC:        It protects you from cold.
   rElec:     It insulates you from electricity.
   rCorr:     It protects you from acid and corrosion.
 A - a +0 leather armour
 E - a +1 ring mail of fire resistance
Magical Staves
 h - a staff of cold
Jewellery
 f - a +6 ring of dexterity (left hand)
 g - a ring of poison resistance (right hand)
 y - an amulet of reflection (around neck)
Wands
 w - a wand of digging (4)
Scrolls
 i - 3 scrolls of identify {unknown}
 j - a scroll of blinking {unknown}
 r - 2 scrolls of poison {unknown}
 v - a scroll of immolation {unknown}
 x - 2 scrolls of enchant weapon {unknown}
 B - 2 scrolls of fog {unknown}
Potions
 d - 2 potions of might
 l - a potion of haste {unknown}
 m - a potion of resistance {unknown}
 n - a potion of flight {unknown}
 o - a potion of attraction {unknown}
 q - 2 potions of curing {unknown}
 u - 2 potions of heal wounds {unknown}
 z - a potion of degeneration {unknown}


   Skills:
 + Level 4.9 Fighting
 + Level 4.5(5.5) Axes
 + Level 4.8(5.7) Polearms
 + Level 1.0(3.1) Staves
 + Level 0.4 Throwing
 + Level 5.5 Armour
 + Level 1.0 Dodging
 + Level 4.3 Shields


You had 6 spell levels left.
You didn't know any spells.
Your spell library contained the following spells:

 Spells                   Type           Power      Damage    Failure   Level
 Dazzling Flash           Conj/Hex       0%         N/A       98%         3
 Summon Guardian Golem    Hex/Summ       0%         N/A       98%         3
 Vhi's Electric Charge    Tloc/Air       0%         N/A       98%         3
 Conjure Ball Lightning   Conj/Air       0%         3x3d6     100%        6


Dungeon Overview and Level Annotations

Branches:
Dungeon (5/15)             Temple (0/1) D:5

Altars:

Shops:
D:4 (   D:5 *

Annotations:
D:5 Blork the orc, Prince Ribbit


Innate Abilities, Weirdness & Mutations

You have a pair of horns on your head.
You reflexively headbutt those who attack you in melee.


Message History

The jelly quivers.
Prince Ribbit blinks!
Blork the orc hits you from afar with a +0 glaive.
* * * LOW HITPOINT WARNING * * *
Blork the orc misses you.
Prince Ribbit catches a millipede with his tongue.
The quokka attacks as you move away! The quokka barely misses you.
The quokka bites you.
* * * LOW HITPOINT WARNING * * *
The quokka attacks as you move away!
The quokka bites you but does no damage.
Prince Ribbit blinks!
The quokka attacks as you move away! The quokka closely misses you.
You furiously retaliate!
You headbutt the quokka!
You kill the quokka!
There is an open door here.
Okay, then.
There's nothing to close nearby.
Blork the orc hits you from afar with a +0 glaive.
* * * LOW HITPOINT WARNING * * *
You close the door.
You hear a slurping noise.
The jelly eats the door!
You see here 12 gold pieces.
The jelly jiggles.
Found a fuming purple potion.
Prince Ribbit blinks!
Blork the orc casts a spell at you. The puff of flame hits you.
* * * LOW HITPOINT WARNING * * *
Prince Ribbit catches a small bird with his tongue.
Found a staircase to the Ecumenical Temple.
Blork the orc hits you from afar with a +0 glaive.
* * * LOW HITPOINT WARNING * * *
Blork the orc hits you from afar with a +0 glaive!
* * * LOW HITPOINT WARNING * * *
Blork the orc screams, "I don't like you!"
Blork the orc gestures at you while chanting.
The puff of frost misses you.
Blork the orc hits you from afar with a +0 glaive.
You die...

..........#
..........#
..........#
...!......## #+#
##+###....F.#
...###...##...##.##
....(.....F...#J.o#
..............#.8.#
...........$..#.@.#
.............###.##
.............#⌠...
.............#.....
.............#..>..#
...####.###..#.....#
...###...##..#⌠...⌠#
.....†....#..###.###
.........##+###


You could see Prince Ribbit, Blork the orc (fast) and a jelly.

Vanquished Creatures
  A water moccasin (D:4)
  An ogre (D:5)
  A scorpion (D:4)
  An iguana (D:4)
  An orc wizard (D:4)
  11 gnolls
  4 adders
  2 worms
  2 dart slugs (D:2)
  14 orcs
  6 ball pythons
  10 endoplasms
  2 giant cockroaches
  10 goblins
  6 hobgoblins
  5 jackals (D:3)
  2 quokkas
  4 bats
  4 frilled lizards
  4 kobolds
  6 rats
97 creatures vanquished.

Notes
Turn   | Place    | Note
-------+----------+-------------------------------------------
     0 | D:1      | slotho the Minotaur Fighter began the quest for the Orb.
     0 | D:1      | Reached XP level 1. HP: 19/19 MP: 0/0
   332 | D:1      | Reached XP level 2. HP: 27/27 MP: 1/1
   843 | D:2      | Reached skill level 4 in Armour
  1016 | D:2      | Reached XP level 3. HP: 33/33 MP: 2/2
  1402 | D:2      | Reached XP level 4. HP: 16/41 MP: 3/3
  1515 | D:2      | Got the Directory of Lofty Obstruction
  1529 | D:2      | Reached skill level 1 in Staves
  2191 | D:3      | Found a faded altar of an unknown god.
  2395 | D:3      | Identified the +1 leather armour of Starshine {rElec rC+
                  | rCorr}
  2443 | D:3      | Reached XP level 5. HP: 47/47 MP: 4/4
  2874 | D:3      | Reached skill level 1 in Polearms
  3248 | D:4      | Found Vajugg's Weapon Boutique.
  3272 | D:4      | Reached XP level 6. HP: 52/53 MP: 5/5
  3412 | D:4      | Reached skill level 5 in Armour
  3616 | D:4      | Noticed a water moccasin
  3621 | D:4      | Killed a water moccasin
  3804 | D:5      | Entered Level 5 of the Dungeon
  3811 | D:5      | Reached skill level 1 in Dodging
  3811 | D:5      | Reached XP level 7. HP: 28/60 MP: 6/6
  3941 | D:5      | Noticed Prince Ribbit
  3941 | D:5      | Noticed Blork the orc
  3954 | D:5      | Found Foim's Assorted Antiques.
  3975 | D:5      | Found a staircase to the Ecumenical Temple.
  3978 | D:5      | HP: 2/60 [Blork the orc/+0 glaive (9)]
  3980 | D:5      | Slain by Blork the orc

Illustrated notes

Levels and vault maps discovered:
D:1:      lemuel_arrival_muddy, layout_basic
D:2:      layout_basic, guppyfry_early_orc_mine
D:3:      layout_basic, hellmonk_ecumenical_altar_leap_of_faith
D:4:      layout_gridville, serial_shops, nicolae_shop_bloodbath_and_beyond,
          minmay_misc_feat_doors
D:5:      lemuel_ratsnest, layout_gridville, minmay_temple_entry_antechambers,
          serial_shops, shop, portal_sewer_entry_b,
          chequers_serial_rivers_room_a, grunt_ministairs_14,
          uniq_prince_ribbit1, uniq_sigmund, uniq_blork_the_orc

Skill      XL: |  1  2  3  4  5  6 |
---------------+-------------------+-----
Shields        | 4 |  4.3
Armour         | 4 5 |  5.5
Fighting       | 4 |  4.9
Axes           | 3 4 |  4.5
Staves         | 1 |  1.0
Polearms       | 3 4 |  4.8
Dodging        | 1 |  1.0
Throwing       | |  0.4

Action                     |  1- 3 |  4- 6 |  7- 9 || total
---------------------------+-------+-------+-------++-------
  Melee: War axe           |    61 |    32 |       ||    93
         Headbutt          |     7 |    17 |       ||    24
         Staff             |     2 |       |       ||     2
         Halberd           |       |    89 |     2 ||    91
  Throw: Boomerang         |       |     6 |       ||     6
 Armour: Scale mail        |    30 |    52 |     1 ||    83
  Dodge: Dodged            |    32 |    82 |     8 ||   122
  Block: Buckler           |    14 |     7 |       ||    21
         Other             |       |    15 |     1 ||    16
